Flames vs Oilers

Created - Saturday, January 23, 2016 at 01:19

Goals
1 2 3 OT1 SO T
Flames 0 1 1 0 1 3
Oilers 1 0 1 0 0 2
Shots
1 2 3 OT1 SO T
Flames 7 7 11 0 4 25
Oilers 13 17 10 2 4 42

1st period

1. Oilers , Nick Foligno 14 (Nick Bonino) at 1:01

Penalties :
Brayden McNabb (Edm) for High sticking (Minor) at 1:46

2nd period

2. Flames , Martin St. Louis 15 (Jaden Schwartz, Jason Spezza) at 9:28

Penalties :
TJ Brodie (Cal) for Roughing (Minor) at 0:17, Lars Eller (Edm) for High sticking (Minor) at 4:40, David Savard (Cal) for Hooking (Minor) at 12:48, TJ Brodie (Cal) for Holding (Minor) at 17:30

3rd period

3. Flames , Jason Spezza 17 (Martin St. Louis) at 18:25
4. Oilers , Patrick Marleau 12 (Brayden Schenn, Niklas Hjalmarsson) at 19:54 (PP)

Penalties :
Chris Kunitz (Cal) for Interference (Minor) at 2:46, Andrew Ladd (Edm) for Tripping (Minor) at 11:15, Dougie Hamilton (Cal) for Tripping (Minor) at 18:46

Overtime #1

No Goal

Penalties :
No Penalty

Shootout

Penalty Shot by Jason Spezza for Flames - Stopped by Jaroslav Halak
Penalty Shot by James Wisniewski for Oilers - Stopped by Antti Niemi
Penalty Shot by Sean Monahan for Flames - Stopped by Jaroslav Halak
Penalty Shot by David Desharnais for Oilers - Shot Misses the Net
Penalty Shot by Jason Pominville for Flames - Stopped by Jaroslav Halak
Penalty Shot by Andrew Ladd for Oilers - Shot Misses the Net
Penalty Shot by Johnny Gaudreau for Flames - Goal!
Penalty Shot by Darren Helm for Oilers - Stopped by Antti Niemi

Penalties :
No Penalty

Goalie Stats

Antti Niemi (Cal), 40 saves from 42 shots - (0.952), W, 19-7-5, 65:00 minutes
Jaroslav Halak (Edm), 23 saves from 25 shots - (0.920), OTL, 27-11-5, 64:01 minutes

Players Stats for Flames

Player Name              G  A  P  +/- PIM S  H  SB GA TA FO     MP     PP MP  PK MP  
------------------------------------------------------------------------------------
Aleksander Barkov        0  0  0   0  0   1  0  0  1  2  6/12   16:35   0:00   4:32 
Brian Campbell           0  0  0   1  0   0  0  1  0  1  0/0    23:15   3:19   5:03 
Chris Kunitz             0  0  0   0  2   1  2  0  2  2  0/1    11:37   0:00   0:00 
David Savard             0  0  0   0  2   0  3  2  1  2  0/0    20:15   0:00   2:58 
Dougie Hamilton          0  0  0   0  2   0  7  1  0  2  0/0    25:16   3:19   2:52 
Erik Cole                0  0  0   0  0   2  2  1  1  0  0/0    17:02   0:00   4:32 
Jaden Schwartz           0  1  1   2  0   2  2  0  0  0  0/0    17:15   3:26   0:00 
Jason Garrison           0  0  0   0  0   0  1  3  0  0  0/0    18:42   2:38   0:00 
Jason Pominville         0  0  0  -1  0   2  1  0  0  0  0/0    13:17   3:26   0:00 
Jason Spezza             1  1  2   2  0   3  1  0  3  0  9/16   18:02   3:26   0:00 
Johnny Gaudreau          0  0  0  -1  0   1  0  0  3  2  0/0    15:19   2:31   0:00 
Martin St. Louis         1  1  2   2  0   2  1  1  1  0  1/1    14:36   2:31   0:00 
Michael Frolik           0  0  0   0  0   0  2  1  4  0  0/0    15:04   0:00   4:32 
Mikael Backlund          0  0  0   0  0   0  0  0  0  2  5/8    15:02   0:00   4:32 
Reilly Smith             0  0  0   0  0   3  1  0  0  0  0/1    10:55   0:00   0:00 
Ryan Murray              0  0  0   1  0   3  1  0  0  2  0/0    17:37   0:00   5:03 
Sean Monahan             0  0  0  -1  0   5  1  0  0  0  4/10   15:19   2:31   0:00 
TJ Brodie                0  0  0   0  4   0  0  1  0  1  0/0    25:34   2:38   2:12 

Players Stats for Oilers

Player Name              G  A  P  +/- PIM S  H  SB GA TA FO     MP     PP MP  PK MP  
------------------------------------------------------------------------------------
Andrew Ladd              0  0  0   0  2   1  4  1  0  0  0/1    20:33   4:59   0:33 
Brayden McNabb           0  0  0  -1  2   2  2  0  0  0  0/0    14:11   0:00   0:00 
Brayden Schenn           0  1  1   0  0   0  3  0  4  0  0/0    15:39   4:05   0:00 
Darren Helm              0  0  0   0  0   3  1  0  3  0  1/1    14:31   0:00   3:09 
David Desharnais         0  0  0   0  0   2  1  1  1  0  7/11   15:09   4:05   0:00 
Jacob Josefson           0  0  0   0  0   1  0  1  1  0  0/0    10:57   0:00   0:00 
James Wisniewski         0  0  0  -1  0   1  3  0  1  0  0/0    28:03   4:59   2:49 
Jamie McGinn             0  0  0   0  0   1  0  0  0  0  0/1     9:25   0:00   0:00 
Jason Demers             0  0  0   1  0   3  4  1  0  1  0/0    22:46   4:05   3:08 
Lars Eller               0  0  0   0  2   7  1  0  3  0  5/9    11:59   0:00   2:15 
Nick Bonino              0  1  1  -1  0   1  1  0  0  0  4/11   15:22   0:00   3:09 
Nick Foligno             1  0  1  -1  0   3  2  0  3  0  1/1    19:51   4:59   0:00 
Nicklas Backstrom        0  0  0   0  0   4  0  2  4  1  6/13   19:25   4:59   0:00 
Niklas Hjalmarsson       0  1  1   1  0   3  1  1  0  1  0/0    22:46   4:05   3:08 
Patrick Marleau          1  0  1  -1  0   4  1  0  3  0  0/1    18:29   4:05   0:00 
Ryan McDonagh            0  0  0  -1  0   0  5  1  0  2  0/0    28:03   4:59   2:49 
Steven Kampfer           0  0  0  -1  0   3  1  1  0  0  0/0    14:09   0:00   0:00 
Trevor Lewis             0  0  0   0  0   3  2  0  2  1  0/0    12:33   0:00   2:48 

3 Stars

1 - Martin St. Louis (Cal)
2 - Jason Spezza (Cal)
3 - Antti Niemi (Cal)

Power Play

Flames - 0 on 3 Attempt(s) - 0.00%
Oilers - 1 on 5 Attempt(s) - 20.00%

Penalty Kill

Flames - 4 on 5 Attempt(s) - 80.00% - Score 0 goal in Penalty Kill
Oilers - 3 on 3 Attempt(s) - 100.00% - Score 0 goal in Penalty Kill

Team Stat

Flames - Hits : 25 - Faceoff Wins : 25 - Blocked Shots : 11 - Penalty Minutes : 10
Oilers - Hits : 32 - Faceoff Wins : 24 - Blocked Shots : 9 - Penalty Minutes : 6

Official

Referees : Unknown
Linesman : Unknown

Game Notes

Jacob Josefson is injured at 18:06 of 3rd period (Strained Right Elbow)
Jaden Schwartz is injured at 3:28 of 1st overtime period (Sports Hernia)

Finance

Level 1 -- Attendance: 4348 (72.47%) -- Ticket Income $378,276
Level 2 -- Attendance: 3715 (74.30%) -- Ticket Income $219,185
Level 3 -- Attendance: 1577 (78.85%) -- Ticket Income $53,618
Level 4 -- Attendance: 2840 (71.00%) -- Ticket Income $56,800
Luxury Box -- Attendance: 789 (78.90%) -- Ticket Income $147,543
Game was played at the Rexall Place.
Total Attendance: 13269 (73.72%)
Total Ticket Income: $855,422
Other Income: $419,157
Total Income: $1,274,579

Flames

5 vs 5 Forward 
   Center                   Left Wing                Right Wing               Time % Phy DF OF 
 1 Jason Spezza             Jaden Schwartz           Martin St. Louis         30     0   1  4  
 2 Sean Monahan             Johnny Gaudreau          Jason Pominville         25     0   1  4  
 3 Aleksander Barkov        Chris Kunitz             Erik Cole                25     0   2  3  
 4 Mikael Backlund          Reilly Smith             Michael Frolik           20     0   2  3  

5 vs 5 Defense 
   Defense                  Defense                                           Time % Phy DF OF 
 1 TJ Brodie                Dougie Hamilton                                   35     1   2  2  
 2 Jason Garrison           David Savard                                      30     1   2  2  
 3 Brian Campbell           Ryan Murray                                       25     1   2  2  
 4 TJ Brodie                Dougie Hamilton                                   10     1   2  2  

PowerPlay Forward 
   Center                   Left Wing                Right Wing               Time % Phy DF OF 
 1 Jason Spezza             Jaden Schwartz           Jason Pominville         50     0   0  5  
 2 Sean Monahan             Johnny Gaudreau          Martin St. Louis         50     0   0  5  

PowerPlay Defense
   Defense                  Defense                                           Time % Phy DF OF 
 1 Brian Campbell           Dougie Hamilton                                   50     0   1  4  
 2 Jason Garrison           TJ Brodie                                         50     0   1  4  

Penalty Kill 4 Players Forward 
   Center                   Wing                     Time % Phy DF OF 
 1 Aleksander Barkov        Michael Frolik           50     0   5  0  
 2 Mikael Backlund          Erik Cole                50     0   5  0  

Penalty Kill 4 Players Defense
   Defense                  Defense                  Time % Phy DF OF 
 1 TJ Brodie                David Savard             50     0   5  0  
 2 Ryan Murray              Brian Campbell           50     0   5  0  

Penalty Kill - 3 Players Forward 
   Forward                                           Time % Phy DF OF 
 1 Aleksander Barkov                                 50     0   5  0  
 2 Mikael Backlund                                   50     0   5  0  

Penalty Kill - 3 Players Defense
   Defense                  Defense                  Time % Phy DF OF 
 1 TJ Brodie                Brian Campbell           50     0   5  0  
 2 Jason Garrison           David Savard             50     0   5  0  

4 vs 4 Forward 
   Center                   Wing                     Time % Phy DF OF 
 1 Jason Spezza             Jaden Schwartz           50     0   2  3  
 2 Sean Monahan             Johnny Gaudreau          50     0   2  3  

4 vs 4 Defense
   Defense                  Defense                  Time % Phy DF OF 
 1 TJ Brodie                Dougie Hamilton          50     1   2  2  
 2 Brian Campbell           David Savard             50     1   2  2  

Last Minutes Offensive
   Center                   Left Wing                Right Wing               Defense                  Defense                  
   Jason Spezza             Johnny Gaudreau          Jaden Schwartz           Jason Garrison           Dougie Hamilton          

Last Minutes Defensive
   Center                   Left Wing                Right Wing               Defense                  Defense                  
   Mikael Backlund          Erik Cole                Michael Frolik           TJ Brodie                David Savard             

Goaltenders
Starting : Antti Niemi              
Backup : James Reimer             

Extra Forwards
Normal : Reilly Smith, Mikael Backlund, Aleksander Barkov - PP : Erik Cole, Chris Kunitz - PK : Reilly Smith
Extra Defensemen
Normal : Dougie Hamilton, TJ Brodie, Brian Campbell - PP : TJ Brodie - PK : Dougie Hamilton, Brian Campbell
Penalty Shots
Jason Spezza, Sean Monahan, Jason Pominville, Johnny Gaudreau, Martin St. Louis

Oilers

5 vs 5 Forward 
   Center                   Left Wing                Right Wing               Time % Phy DF OF 
 1 Nicklas Backstrom        Andrew Ladd              Brayden Schenn           35     0   1  4  
 2 Nick Bonino              Patrick Marleau          Nick Foligno             33     0   1  4  
 3 David Desharnais         Jacob Josefson           Darren Helm              22     0   2  3  
 4 Lars Eller               Trevor Lewis             Jamie McGinn             10     1   2  2  

5 vs 5 Defense 
   Defense                  Defense                                           Time % Phy DF OF 
 1 Ryan McDonagh            James Wisniewski                                  35     1   3  1  
 2 Niklas Hjalmarsson       Jason Demers                                      30     1   4  0  
 3 Steven Kampfer           Brayden McNabb                                    25     1   4  0  
 4 Ryan McDonagh            James Wisniewski                                  10     1   4  0  

PowerPlay Forward 
   Center                   Left Wing                Right Wing               Time % Phy DF OF 
 1 Nicklas Backstrom        Andrew Ladd              Nick Foligno             60     0   1  4  
 2 David Desharnais         Patrick Marleau          Brayden Schenn           40     0   1  4  

PowerPlay Defense
   Defense                  Defense                                           Time % Phy DF OF 
 1 Ryan McDonagh            James Wisniewski                                  60     1   2  2  
 2 Niklas Hjalmarsson       Jason Demers                                      40     1   2  2  

Penalty Kill 4 Players Forward 
   Center                   Wing                     Time % Phy DF OF 
 1 Lars Eller               Trevor Lewis             50     1   4  0  
 2 Nick Bonino              Darren Helm              50     1   4  0  

Penalty Kill 4 Players Defense
   Defense                  Defense                  Time % Phy DF OF 
 1 Ryan McDonagh            James Wisniewski         50     1   4  0  
 2 Niklas Hjalmarsson       Jason Demers             50     1   4  0  

Penalty Kill - 3 Players Forward 
   Forward                                           Time % Phy DF OF 
 1 Nick Bonino                                       50     1   4  0  
 2 Lars Eller                                        50     1   4  0  

Penalty Kill - 3 Players Defense
   Defense                  Defense                  Time % Phy DF OF 
 1 Ryan McDonagh            James Wisniewski         50     1   2  2  
 2 Niklas Hjalmarsson       Jason Demers             50     1   2  2  

4 vs 4 Forward 
   Center                   Wing                     Time % Phy DF OF 
 1 Nicklas Backstrom        Nick Foligno             50     0   1  4  
 2 Patrick Marleau          Andrew Ladd              50     0   1  4  

4 vs 4 Defense
   Defense                  Defense                  Time % Phy DF OF 
 1 Ryan McDonagh            James Wisniewski         60     1   4  0  
 2 Niklas Hjalmarsson       Jason Demers             40     1   4  0  

Last Minutes Offensive
   Center                   Left Wing                Right Wing               Defense                  Defense                  
   Nicklas Backstrom        Andrew Ladd              Nick Foligno             Patrick Marleau          James Wisniewski         

Last Minutes Defensive
   Center                   Left Wing                Right Wing               Defense                  Defense                  
   Nicklas Backstrom        Nick Bonino              Darren Helm              Ryan McDonagh            Niklas Hjalmarsson       

Goaltenders
Starting : Jaroslav Halak           
Backup : Jeremy Smith             

Extra Forwards
Normal : Nick Foligno, David Desharnais, Darren Helm - PP : Patrick Marleau, Nick Foligno - PK : Andrew Ladd
Extra Defensemen
Normal : Steven Kampfer, Brayden McNabb, Niklas Hjalmarsson - PP : Brayden McNabb - PK : Steven Kampfer, Niklas Hjalmarsson
Penalty Shots
James Wisniewski, David Desharnais, Andrew Ladd, Darren Helm, Nick Bonino

% Time on Ice - Flames

Lines # - Real PCT - Wanted PCT - Time Play
Normal Forward
1 - 29% - 30% - 13:04
2 - 24% - 25% - 10:52
3 - 25% - 25% - 11:17
4 - 22% - 20% - 9:46
Normal Defense
1 - 33% - 35% - 14:54
2 - 36% - 30% - 16:15
3 - 28% - 25% - 12:24
4 - 3% - 10% - 1:26
PP Forward
1 - 58% - 50% - 3:26
2 - 42% - 50% - 2:31
PP Defense
1 - 56% - 50% - 3:19
2 - 44% - 50% - 2:38
PK Forward
1 - 50% - 50% - 4:32
2 - 50% - 50% - 4:32
PK Defense
1 - 44% - 50% - 4:01
2 - 56% - 50% - 5:03
PK3 Forward
1 - 0% - 50%
2 - 0% - 50%
PK3 Defense
1 - 0% - 50%
2 - 0% - 50%
44 Forward
1 - 47% - 50% - 2:20
2 - 53% - 50% - 2:40
44 Defense
1 - 57% - 50% - 2:50
2 - 43% - 50% - 2:10
Last Minute Offensive  - 0:00
Last Minute Defensive  - 0:00
Total
Forward - 65:00
Defense - 65:00

% Time on Ice - Oilers

Lines # - Real PCT - Wanted PCT - Time Play
Normal Forward
1 - 27% - 35% - 12:16
2 - 27% - 33% - 12:15
3 - 25% - 22% - 11:03
4 - 21% - 10% - 9:25
Normal Defense
1 - 34% - 35% - 15:10
2 - 31% - 30% - 14:02
3 - 31% - 25% - 14:09
4 - 4% - 10% - 1:38
PP Forward
1 - 55% - 60% - 4:59
2 - 45% - 40% - 4:05
PP Defense
1 - 55% - 60% - 4:59
2 - 45% - 40% - 4:05
PK Forward
1 - 47% - 50% - 2:48
2 - 53% - 50% - 3:09
PK Defense
1 - 47% - 50% - 2:49
2 - 53% - 50% - 3:08
PK3 Forward
1 - 0% - 50%
2 - 0% - 50%
PK3 Defense
1 - 0% - 50%
2 - 0% - 50%
44 Forward
1 - 50% - 50% - 2:30
2 - 50% - 50% - 2:30
44 Defense
1 - 70% - 60% - 3:29
2 - 30% - 40% - 1:31
Last Minute Offensive  - 0:00
Last Minute Defensive  - 0:00
Total
Forward - 65:00
Defense - 65:00

Play by Play

1st period


0:01 of 1st period - Nicklas Backstrom wins face-off versus Jason Spezza in neutral zone.
1:01 of 1st period - Snap shot by Nick Foligno.
1:01 of 1st period - Goal by Nick Foligno - Flames : 0 - Oilers : 1.
1:02 of 1st period - David Desharnais wins face-off versus Aleksander Barkov in neutral zone.
1:15 of 1st period - Jacob Josefson is hit by Erik Cole and loses puck.
1:46 of 1st period - Minor Penalty to Brayden McNabb for High sticking.
1:47 of 1st period - Jason Spezza wins face-off versus Lars Eller in Oilers zone.
2:02 of 1st period - Slapshot by James Wisniewski.
2:02 of 1st period - Deflect By Lars Eller.
2:02 of 1st period - Stopped by Antti Niemi with a rebound.
2:10 of 1st period - Wrist shot by Trevor Lewis.
2:10 of 1st period - Shot Misses the Net.
2:18 of 1st period - Snap shot by Jason Spezza.
2:18 of 1st period - Stopped by Jaroslav Halak with a rebound.
2:20 of 1st period - Wrist shot by Jaden Schwartz.
2:20 of 1st period - Stopped by Jaroslav Halak with a rebound.
2:22 of 1st period - Wrist shot by Jaden Schwartz.
2:22 of 1st period - Shot Blocked by Ryan McDonagh.
2:24 of 1st period - Slapshot by Brian Campbell.
2:24 of 1st period - Shot Misses the Net.
2:38 of 1st period - Ryan McDonagh is hit by Dougie Hamilton and loses puck.
3:24 of 1st period - TJ Brodie is hit by Lars Eller and loses puck.
3:41 of 1st period - Snap shot by Darren Helm.
3:41 of 1st period - Stopped by Antti Niemi with a rebound.
3:43 of 1st period - Wrist shot by Niklas Hjalmarsson.
3:43 of 1st period - Shot Blocked by TJ Brodie.
3:45 of 1st period - Snap shot by Darren Helm.
3:45 of 1st period - Shot Misses the Net.
3:46 of 1st period - Penalty to Brayden McNabb is over, Brayden McNabb is back on ice.
3:55 of 1st period - Jason Spezza is hit by Brayden Schenn and loses puck.
4:36 of 1st period - Jason Pominville is hit by Nick Foligno and loses puck.
5:23 of 1st period - Snap shot by Reilly Smith.
5:23 of 1st period - Stopped by Jaroslav Halak without a rebound.
5:24 of 1st period - Mikael Backlund wins face-off versus Jamie McGinn in Oilers zone.
5:34 of 1st period - Snap shot by Mikael Backlund.
5:34 of 1st period - Shot Misses the Net.
5:36 of 1st period - Slapshot by Ryan Murray.
5:36 of 1st period - Deflect By Reilly Smith.
5:36 of 1st period - Stopped by Jaroslav Halak without a rebound.
5:37 of 1st period - Lars Eller wins face-off versus Aleksander Barkov in Oilers zone.
6:20 of 1st period - Chris Kunitz is hit by Brayden Schenn and loses puck.
7:02 of 1st period - Patrick Marleau is hit by Dougie Hamilton.
7:06 of 1st period - Slapshot by Nick Foligno.
7:06 of 1st period - Shot Misses the Net.
7:14 of 1st period - Ryan McDonagh is hit by Michael Frolik and loses puck.
7:51 of 1st period - Wrist shot by David Desharnais.
7:51 of 1st period - Shot Misses the Net.
8:19 of 1st period - Backhand shot by Lars Eller.
8:19 of 1st period - Stopped by Antti Niemi with a rebound.
8:21 of 1st period - Slapshot by Niklas Hjalmarsson.
8:21 of 1st period - Shot Blocked by Erik Cole.
9:27 of 1st period - Ryan McDonagh is hit by Jaden Schwartz and loses puck.
9:58 of 1st period - James Wisniewski is hit by Dougie Hamilton and loses puck.
10:13 of 1st period - Wrist shot by Darren Helm.
10:13 of 1st period - Shot Misses the Net.
10:15 of 1st period - Snap shot by Steven Kampfer.
10:15 of 1st period - Stopped by Antti Niemi with a rebound.
10:40 of 1st period - Snap shot by Trevor Lewis.
10:40 of 1st period - Shot Misses the Net.
11:28 of 1st period - Jason Demers is hit by David Savard and loses puck.
11:56 of 1st period - Jason Demers is hit by Chris Kunitz.
12:10 of 1st period - Steven Kampfer is hit by Jason Pominville and loses puck.
12:38 of 1st period - TJ Brodie is hit by Ryan McDonagh and loses puck.
13:33 of 1st period - Wrist shot by Darren Helm.
13:33 of 1st period - Stopped by Antti Niemi with a rebound.
13:55 of 1st period - Slapshot by James Wisniewski.
13:55 of 1st period - Stopped by Antti Niemi without a rebound.
13:56 of 1st period - Sean Monahan wins face-off versus Lars Eller in Flames zone.
14:23 of 1st period - Jaden Schwartz is hit by Jason Demers.
15:05 of 1st period - Off-side.
15:06 of 1st period - David Desharnais wins face-off versus Sean Monahan in neutral zone.
15:19 of 1st period - Sean Monahan is hit by Brayden McNabb and loses puck.
16:17 of 1st period - Ryan McDonagh is hit by Michael Frolik.
16:33 of 1st period - Andrew Ladd is hit by Jaden Schwartz and loses puck.
17:17 of 1st period - Brayden Schenn is hit by Chris Kunitz and loses puck.
17:24 of 1st period - Wrist shot by Chris Kunitz.
17:24 of 1st period - Stopped by Jaroslav Halak with a rebound.
17:26 of 1st period - Snap shot by Erik Cole.
17:26 of 1st period - Stopped by Jaroslav Halak with a rebound.
17:28 of 1st period - Slapshot by Dougie Hamilton.
17:28 of 1st period - Shot Blocked by Nicklas Backstrom.
17:30 of 1st period - Wrist shot by Erik Cole.
17:30 of 1st period - Stopped by Jaroslav Halak with a rebound.
18:12 of 1st period - Snap shot by Lars Eller.
18:12 of 1st period - Stopped by Antti Niemi with a rebound.
18:14 of 1st period - Wrist shot by Lars Eller.
18:14 of 1st period - Stopped by Antti Niemi without a rebound.
18:15 of 1st period - David Desharnais wins face-off versus Mikael Backlund in Flames zone.
18:26 of 1st period - Slapshot by David Desharnais.
18:26 of 1st period - Stopped by Antti Niemi with a rebound.
18:28 of 1st period - Snap shot by Jacob Josefson.
18:28 of 1st period - Shot Misses the Net.
18:30 of 1st period - Wrist shot by Jacob Josefson.
18:30 of 1st period - Stopped by Antti Niemi with a rebound.
18:32 of 1st period - Slapshot by Jason Demers.
18:32 of 1st period - Shot Hit the Post.
18:34 of 1st period - Wrist shot by Darren Helm.
18:34 of 1st period - Shot Blocked by David Savard.
18:36 of 1st period - Slapshot by Darren Helm.
18:36 of 1st period - Shot Misses the Net.
18:38 of 1st period - Slapshot by Jason Demers.
18:38 of 1st period - Shot Misses the Net.
18:40 of 1st period - Slapshot by Jason Demers.
18:40 of 1st period - Shot Blocked by David Savard.
18:46 of 1st period - Snap shot by Darren Helm.
18:46 of 1st period - Shot Misses the Net.
18:48 of 1st period - Backhand shot by Brayden McNabb.
18:48 of 1st period - Shot Blocked by Jason Garrison.
19:11 of 1st period - Snap shot by Nick Bonino.
19:11 of 1st period - Stopped by Antti Niemi with a rebound.
19:13 of 1st period - Slapshot by Steven Kampfer.
19:13 of 1st period - Shot Misses the Net.
19:15 of 1st period - Wrist shot by Patrick Marleau.
19:15 of 1st period - Shot Blocked by Jason Garrison.
19:17 of 1st period - Slapshot by Steven Kampfer.
19:17 of 1st period - Stopped by Antti Niemi without a rebound.
19:18 of 1st period - Lars Eller wins face-off versus Sean Monahan in Flames zone.
Goals for this period are 0 for Flames vs 1 for Oilers.
Shots for this period are 7 for Flames vs 13 for Oilers.

2nd period


0:01 of 2nd period - Jason Spezza wins face-off versus Nick Bonino in neutral zone.
0:17 of 2nd period - Minor Penalty to TJ Brodie for Roughing.
0:18 of 2nd period - Aleksander Barkov wins face-off versus Nicklas Backstrom in Flames zone.
1:10 of 2nd period - Snap shot by Niklas Hjalmarsson.
1:10 of 2nd period - Shot Misses the Net.
1:12 of 2nd period - Wrist shot by David Desharnais.
1:12 of 2nd period - Shot Blocked by Dougie Hamilton.
1:14 of 2nd period - Slapshot by Jason Demers.
1:14 of 2nd period - Stopped by Antti Niemi with a rebound.
1:16 of 2nd period - Slapshot by Niklas Hjalmarsson.
1:16 of 2nd period - Stopped by Antti Niemi with a rebound.
1:18 of 2nd period - Slapshot by Patrick Marleau.
1:18 of 2nd period - Stopped by Antti Niemi with a rebound.
1:20 of 2nd period - Slapshot by Niklas Hjalmarsson.
1:20 of 2nd period - Shot Misses the Net.
1:22 of 2nd period - Slapshot by Jason Demers.
1:22 of 2nd period - Stopped by Antti Niemi with a rebound.
1:24 of 2nd period - Slapshot by Niklas Hjalmarsson.
1:24 of 2nd period - Shot Misses the Net.
1:26 of 2nd period - Slapshot by Jason Demers.
1:26 of 2nd period - Shot Blocked by Michael Frolik.
1:28 of 2nd period - Slapshot by Jason Demers.
1:28 of 2nd period - Deflect By David Savard.
1:28 of 2nd period - Stopped by Antti Niemi with a rebound.
1:30 of 2nd period - Snap shot by David Desharnais.
1:30 of 2nd period - Stopped by Antti Niemi without a rebound.
1:31 of 2nd period - Nicklas Backstrom wins face-off versus Mikael Backlund in Flames zone.
2:17 of 2nd period - Penalty to TJ Brodie is over, TJ Brodie is back on ice.
2:25 of 2nd period - Lars Eller is hit by Ryan Murray and loses puck.
2:44 of 2nd period - Slapshot by Trevor Lewis.
2:44 of 2nd period - Stopped by Antti Niemi with a rebound.
2:46 of 2nd period - Slapshot by Brayden McNabb.
2:46 of 2nd period - Stopped by Antti Niemi with a rebound.
3:38 of 2nd period - Snap shot by Jason Pominville.
3:38 of 2nd period - Deflect By Sean Monahan.
3:38 of 2nd period - Stopped by Jaroslav Halak with a rebound.
3:44 of 2nd period - Jason Garrison is hit by Nick Bonino and loses puck.
4:15 of 2nd period - Snap shot by Nicklas Backstrom.
4:15 of 2nd period - Stopped by Antti Niemi without a rebound.
4:16 of 2nd period - Nicklas Backstrom wins face-off versus Chris Kunitz in Flames zone.
4:25 of 2nd period - Snap shot by Chris Kunitz.
4:25 of 2nd period - Shot Blocked by Nicklas Backstrom.
4:29 of 2nd period - Wrist shot by Aleksander Barkov.
4:29 of 2nd period - Shot Misses the Net.
4:31 of 2nd period - Wrist shot by Aleksander Barkov.
4:31 of 2nd period - Stopped by Jaroslav Halak with a rebound.
4:33 of 2nd period - Slapshot by Brian Campbell.
4:33 of 2nd period - Shot Blocked by Jason Demers.
4:35 of 2nd period - Wrist shot by Erik Cole.
4:35 of 2nd period - Deflect By Aleksander Barkov.
4:35 of 2nd period - Shot Misses the Net.
4:35 of 2nd period - Puck is out of play.
4:36 of 2nd period - Aleksander Barkov wins face-off versus Lars Eller in Oilers zone.
4:37 of 2nd period - Slapshot by Erik Cole.
4:37 of 2nd period - Deflect By Chris Kunitz.
4:37 of 2nd period - Shot Blocked by Niklas Hjalmarsson.
4:37 of 2nd period - Puck is out of play.
4:38 of 2nd period - Lars Eller wins face-off versus Jason Spezza in Oilers zone.
4:40 of 2nd period - Minor Penalty to Lars Eller for High sticking.
4:41 of 2nd period - Jason Spezza wins face-off versus Nick Bonino in Oilers zone.
5:32 of 2nd period - Nick Bonino is hit by Sean Monahan and loses puck.
6:18 of 2nd period - TJ Brodie is hit by Jason Demers and loses puck.
6:40 of 2nd period - Penalty to Lars Eller is over, Lars Eller is back on ice.
7:12 of 2nd period - Snap shot by Nicklas Backstrom.
7:12 of 2nd period - Shot Misses the Net.
8:29 of 2nd period - Reilly Smith is hit by Trevor Lewis and loses puck.
8:46 of 2nd period - Snap shot by Michael Frolik.
8:46 of 2nd period - Shot Misses the Net.
8:48 of 2nd period - Wrist shot by Mikael Backlund.
8:48 of 2nd period - Shot Misses the Net.
8:50 of 2nd period - Snap shot by Michael Frolik.
8:50 of 2nd period - Shot Misses the Net.
8:56 of 2nd period - Snap shot by Reilly Smith.
8:56 of 2nd period - Stopped by Jaroslav Halak with a rebound.
9:28 of 2nd period - Wrist shot by Martin St. Louis.
9:28 of 2nd period - Goal by Martin St. Louis - Flames : 1 - Oilers : 1.
9:29 of 2nd period - David Desharnais wins face-off versus Sean Monahan in neutral zone.
10:05 of 2nd period - Slapshot by TJ Brodie.
10:05 of 2nd period - Shot Misses the Net.
10:07 of 2nd period - Slapshot by Dougie Hamilton.
10:07 of 2nd period - Shot Blocked by David Desharnais.
10:23 of 2nd period - Snap shot by Lars Eller.
10:23 of 2nd period - Shot Misses the Net.
10:25 of 2nd period - Slapshot by Niklas Hjalmarsson.
10:25 of 2nd period - Stopped by Antti Niemi with a rebound.
10:45 of 2nd period - Snap shot by Lars Eller.
10:45 of 2nd period - Stopped by Antti Niemi with a rebound.
10:47 of 2nd period - Slapshot by Niklas Hjalmarsson.
10:47 of 2nd period - Deflect By Lars Eller.
10:47 of 2nd period - Stopped by Antti Niemi with a rebound.
11:01 of 2nd period - Reilly Smith is hit by Niklas Hjalmarsson and loses puck.
11:16 of 2nd period - Snap shot by Nick Foligno.
11:16 of 2nd period - Stopped by Antti Niemi without a rebound.
11:17 of 2nd period - Jason Spezza wins face-off versus Nicklas Backstrom in Flames zone.
12:16 of 2nd period - Wrist shot by Patrick Marleau.
12:16 of 2nd period - Stopped by Antti Niemi without a rebound.
12:17 of 2nd period - Nick Bonino wins face-off versus Aleksander Barkov in Flames zone.
12:22 of 2nd period - Snap shot by Patrick Marleau.
12:22 of 2nd period - Shot Misses the Net.
12:48 of 2nd period - Minor Penalty to David Savard for Hooking.
12:49 of 2nd period - Mikael Backlund wins face-off versus David Desharnais in Flames zone.
13:43 of 2nd period - Michael Frolik is hit by Nick Foligno and loses puck.
14:09 of 2nd period - Dougie Hamilton is hit by Patrick Marleau and loses puck.
14:48 of 2nd period - Penalty to David Savard is over, David Savard is back on ice.
15:38 of 2nd period - Wrist shot by Jason Spezza.
15:38 of 2nd period - Stopped by Jaroslav Halak without a rebound.
15:39 of 2nd period - David Desharnais wins face-off versus Sean Monahan in Oilers zone.
16:08 of 2nd period - Snap shot by Sean Monahan.
16:08 of 2nd period - Shot Misses the Net.
16:10 of 2nd period - Slapshot by Ryan Murray.
16:10 of 2nd period - Stopped by Jaroslav Halak with a rebound.
16:46 of 2nd period - Snap shot by Jaden Schwartz.
16:46 of 2nd period - Stopped by Jaroslav Halak without a rebound.
16:47 of 2nd period - Nick Bonino wins face-off versus Reilly Smith in Oilers zone.
16:47 of 2nd period - Nick Bonino is hit by Dougie Hamilton.
17:30 of 2nd period - Minor Penalty to TJ Brodie for Holding.
17:31 of 2nd period - Mikael Backlund wins face-off versus Nicklas Backstrom in Flames zone.
17:50 of 2nd period - Wrist shot by Nicklas Backstrom.
17:50 of 2nd period - Stopped by Antti Niemi with a rebound.
19:14 of 2nd period - Michael Frolik is hit by Andrew Ladd and loses puck.
19:30 of 2nd period - Penalty to TJ Brodie is over, TJ Brodie is back on ice.
19:48 of 2nd period - Snap shot by Trevor Lewis.
19:48 of 2nd period - Stopped by Antti Niemi with a rebound.
19:58 of 2nd period - Wrist shot by Trevor Lewis.
19:58 of 2nd period - Stopped by Antti Niemi without a rebound.
19:59 of 2nd period - David Desharnais wins face-off versus Jason Spezza in Flames zone.
Goals for this period are 1 for Flames vs 0 for Oilers.
Shots for this period are 7 for Flames vs 17 for Oilers.

3rd period


0:01 of 3rd period - Jason Spezza wins face-off versus Nick Bonino in neutral zone.
0:22 of 3rd period - Snap shot by Nick Foligno.
0:22 of 3rd period - Shot Misses the Net.
0:51 of 3rd period - Ryan McDonagh is hit by Erik Cole and loses puck.
0:58 of 3rd period - Aleksander Barkov is hit by Ryan McDonagh and loses puck.
1:07 of 3rd period - Erik Cole is hit by Brayden Schenn and loses puck.
1:14 of 3rd period - Snap shot by Nicklas Backstrom.
1:14 of 3rd period - Stopped by Antti Niemi without a rebound.
1:15 of 3rd period - Sean Monahan wins face-off versus David Desharnais in Flames zone.
1:15 of 3rd period - Sean Monahan is hit by Darren Helm.
1:25 of 3rd period - Wrist shot by Jason Pominville.
1:25 of 3rd period - Stopped by Jaroslav Halak with a rebound.
1:27 of 3rd period - Slapshot by Ryan Murray.
1:27 of 3rd period - Stopped by Jaroslav Halak with a rebound.
1:29 of 3rd period - Backhand shot by Jason Pominville.
1:29 of 3rd period - Stopped by Jaroslav Halak without a rebound.
1:30 of 3rd period - Sean Monahan wins face-off versus David Desharnais in Oilers zone.
1:43 of 3rd period - Snap shot by Sean Monahan.
1:43 of 3rd period - Stopped by Jaroslav Halak without a rebound.
1:44 of 3rd period - Nick Foligno wins face-off versus Jason Spezza in Oilers zone.
2:11 of 3rd period - Snap shot by Nick Foligno.
2:11 of 3rd period - Stopped by Antti Niemi without a rebound.
2:12 of 3rd period - Aleksander Barkov wins face-off versus Andrew Ladd in Flames zone.
2:12 of 3rd period - Aleksander Barkov is hit by James Wisniewski.
2:38 of 3rd period - Snap shot by Nicklas Backstrom.
2:38 of 3rd period - Stopped by Antti Niemi with a rebound.
2:46 of 3rd period - Minor Penalty to Chris Kunitz for Interference.
2:47 of 3rd period - Nicklas Backstrom wins face-off versus Mikael Backlund in Flames zone.
3:50 of 3rd period - David Savard is hit by Ryan McDonagh and loses puck.
4:46 of 3rd period - Penalty to Chris Kunitz is over, Chris Kunitz is back on ice.
4:55 of 3rd period - Ryan Murray is hit by Jason Demers and loses puck.
5:24 of 3rd period - Steven Kampfer is hit by Martin St. Louis and loses puck.
5:39 of 3rd period - Ryan Murray is hit by Brayden McNabb and loses puck.
6:29 of 3rd period - Niklas Hjalmarsson is hit by Dougie Hamilton and loses puck.
7:00 of 3rd period - Snap shot by Lars Eller.
7:00 of 3rd period - Shot Misses the Net.
7:02 of 3rd period - Wrist shot by Jamie McGinn.
7:02 of 3rd period - Stopped by Antti Niemi with a rebound.
7:24 of 3rd period - Wrist shot by Darren Helm.
7:24 of 3rd period - Stopped by Antti Niemi without a rebound.
7:25 of 3rd period - David Desharnais wins face-off versus Aleksander Barkov in Flames zone.
7:46 of 3rd period - Icing by Brayden Schenn.
7:47 of 3rd period - Nicklas Backstrom wins face-off versus Jason Spezza in Oilers zone.
8:33 of 3rd period - Icing by Jason Demers.
8:34 of 3rd period - Sean Monahan wins face-off versus Nick Bonino in Oilers zone.
9:11 of 3rd period - Johnny Gaudreau is hit by Trevor Lewis and loses puck.
9:51 of 3rd period - Icing by TJ Brodie.
9:52 of 3rd period - Mikael Backlund wins face-off versus David Desharnais in Flames zone.
10:05 of 3rd period - Dougie Hamilton is hit by Steven Kampfer.
10:39 of 3rd period - Wrist shot by Aleksander Barkov.
10:39 of 3rd period - Shot Blocked by Steven Kampfer.
10:41 of 3rd period - Slapshot by Brian Campbell.
10:41 of 3rd period - Shot Blocked by Jacob Josefson.
10:54 of 3rd period - Slapshot by Ryan Murray.
10:54 of 3rd period - Stopped by Jaroslav Halak without a rebound.
10:55 of 3rd period - Jason Spezza wins face-off versus Nicklas Backstrom in Oilers zone.
11:15 of 3rd period - Minor Penalty to Andrew Ladd for Tripping.
11:16 of 3rd period - Lars Eller wins face-off versus Sean Monahan in Oilers zone.
11:35 of 3rd period - Snap shot by Johnny Gaudreau.
11:35 of 3rd period - Stopped by Jaroslav Halak with a rebound.
11:37 of 3rd period - Slapshot by Sean Monahan.
11:37 of 3rd period - Stopped by Jaroslav Halak with a rebound.
11:39 of 3rd period - Wrist shot by Sean Monahan.
11:39 of 3rd period - Stopped by Jaroslav Halak without a rebound.
11:40 of 3rd period - Jason Spezza wins face-off versus Nick Bonino in Oilers zone.
11:55 of 3rd period - Niklas Hjalmarsson is hit by Dougie Hamilton and loses puck.
12:51 of 3rd period - Trevor Lewis is hit by Dougie Hamilton and loses puck.
13:00 of 3rd period - Snap shot by Sean Monahan.
13:00 of 3rd period - Stopped by Jaroslav Halak without a rebound.
13:01 of 3rd period - Lars Eller wins face-off versus Sean Monahan in Oilers zone.
13:15 of 3rd period - Penalty to Andrew Ladd is over, Andrew Ladd is back on ice.
13:22 of 3rd period - Sean Monahan is hit by Andrew Ladd and loses puck.
13:29 of 3rd period - Snap shot by Darren Helm.
13:29 of 3rd period - Shot Blocked by Martin St. Louis.
13:31 of 3rd period - Wrist shot by Nick Bonino.
13:31 of 3rd period - Deflect By Andrew Ladd.
13:31 of 3rd period - Stopped by Antti Niemi without a rebound.
13:32 of 3rd period - Nicklas Backstrom wins face-off versus Aleksander Barkov in Flames zone.
13:44 of 3rd period - Off-side.
13:45 of 3rd period - Aleksander Barkov wins face-off versus Nicklas Backstrom in neutral zone.
14:29 of 3rd period - Andrew Ladd is hit by David Savard and loses puck.
14:52 of 3rd period - Jason Demers is hit by Reilly Smith and loses puck.
15:55 of 3rd period - Brian Campbell is hit by David Desharnais.
16:35 of 3rd period - Slapshot by Jamie McGinn.
16:35 of 3rd period - Shot Blocked by Brian Campbell.
16:37 of 3rd period - Slapshot by Brayden McNabb.
16:37 of 3rd period - Stopped by Antti Niemi with a rebound.
16:48 of 3rd period - Icing by Jamie McGinn.
16:49 of 3rd period - Aleksander Barkov wins face-off versus Lars Eller in Oilers zone.
16:56 of 3rd period - Wrist shot by Lars Eller.
16:56 of 3rd period - Stopped by Antti Niemi with a rebound.
16:58 of 3rd period - Slapshot by Steven Kampfer.
16:58 of 3rd period - Stopped by Antti Niemi without a rebound.
16:59 of 3rd period - Nick Bonino wins face-off versus Aleksander Barkov in Flames zone.
17:25 of 3rd period - Wrist shot by Patrick Marleau.
17:25 of 3rd period - Shot Blocked by Jason Garrison.
18:05 of 3rd period - Jacob Josefson is hit by Jason Garrison and loses puck.
18:06 of 3rd period - Jacob Josefson from Oilers is injured at 18:06 of 3rd period (Strained Right Elbow).
18:07 of 3rd period - Nick Bonino wins face-off versus Jason Spezza in Oilers zone.
18:07 of 3rd period - Nick Bonino is hit by Jason Spezza.
18:23 of 3rd period - Wrist shot by Martin St. Louis.
18:23 of 3rd period - Stopped by Jaroslav Halak without a rebound.
18:24 of 3rd period - Martin St. Louis wins face-off versus Nick Bonino in Oilers zone.
18:25 of 3rd period - Slapshot by Jason Spezza.
18:25 of 3rd period - Goal by Jason Spezza - Flames : 2 - Oilers : 1.
18:26 of 3rd period - Aleksander Barkov wins face-off versus Nick Bonino in neutral zone.
18:46 of 3rd period - Minor Penalty to Dougie Hamilton for Tripping.
18:47 of 3rd period - Mikael Backlund wins face-off versus Nicklas Backstrom in Flames zone.
18:55 of 3rd period - Oilers, Jaroslav Halak is pulled from the net.
19:41 of 3rd period - Ryan Murray is hit by James Wisniewski.
19:54 of 3rd period - Wrist shot by Patrick Marleau.
19:54 of 3rd period - Goal by Patrick Marleau - Flames : 2 - Oilers : 2.
19:54 of 3rd period - Jaroslav Halak from Oilers was sent back in the game.
19:55 of 3rd period - Darren Helm wins face-off versus Jason Spezza in neutral zone.
Goals for this period are 1 for Flames vs 1 for Oilers.
Shots for this period are 11 for Flames vs 10 for Oilers.

Overtime #1


0:01 of 1st overtime period - Jason Spezza wins face-off versus Nicklas Backstrom in neutral zone.
0:53 of 1st overtime period - TJ Brodie is hit by Ryan McDonagh and loses puck.
1:10 of 1st overtime period - Wrist shot by Patrick Marleau.
1:10 of 1st overtime period - Shot Misses the Net.
1:16 of 1st overtime period - Slapshot by Patrick Marleau.
1:16 of 1st overtime period - Stopped by Antti Niemi with a rebound.
1:18 of 1st overtime period - Snap shot by Niklas Hjalmarsson.
1:18 of 1st overtime period - Stopped by Antti Niemi with a rebound.
1:54 of 1st overtime period - Wrist shot by Jason Spezza.
1:54 of 1st overtime period - Shot Blocked by Andrew Ladd.
2:11 of 1st overtime period - David Savard is hit by James Wisniewski and loses puck.
2:37 of 1st overtime period - David Savard is hit by Jason Demers and loses puck.
3:27 of 1st overtime period - Jaden Schwartz is hit by Andrew Ladd and loses puck.
3:28 of 1st overtime period - Jaden Schwartz from Flames is injured at 3:28 of 1st overtime period (Sports Hernia).
3:29 of 1st overtime period - Jason Spezza wins face-off versus Patrick Marleau in Flames zone.
3:29 of 1st overtime period - Jason Spezza is hit by Andrew Ladd.
4:22 of 1st overtime period - TJ Brodie is hit by Ryan McDonagh and loses puck.
4:29 of 1st overtime period - Snap shot by Dougie Hamilton.
4:29 of 1st overtime period - Shot Misses the Net.
4:58 of 1st overtime period - Andrew Ladd is hit by David Savard and loses puck.
Goals for this period are 0 for Flames vs 0 for Oilers.
Shots for this period are 0 for Flames vs 2 for Oilers.

ShootOut


5:00 of 1st overtime period - Penalty Shot by Jason Spezza for Flames.
5:00 of 1st overtime period - Wrist shot by Jason Spezza.
5:00 of 1st overtime period - Stopped by Jaroslav Halak.
5:00 of 1st overtime period - Penalty Shot by James Wisniewski for Oilers.
5:00 of 1st overtime period - Wrist shot by James Wisniewski.
5:00 of 1st overtime period - Stopped by Antti Niemi.
5:00 of 1st overtime period - Penalty Shot by Sean Monahan for Flames.
5:00 of 1st overtime period - Deke by Sean Monahan.
5:00 of 1st overtime period - Stopped by Jaroslav Halak.
5:00 of 1st overtime period - Penalty Shot by David Desharnais for Oilers.
5:00 of 1st overtime period - Snap shot by David Desharnais.
5:00 of 1st overtime period - Shot Misses the Net.
5:00 of 1st overtime period - Penalty Shot by Jason Pominville for Flames.
5:00 of 1st overtime period - Snap shot by Jason Pominville.
5:00 of 1st overtime period - Stopped by Jaroslav Halak.
5:00 of 1st overtime period - Penalty Shot by Andrew Ladd for Oilers.
5:00 of 1st overtime period - Snap shot by Andrew Ladd.
5:00 of 1st overtime period - Shot Misses the Net.
5:00 of 1st overtime period - Penalty Shot by Johnny Gaudreau for Flames.
5:00 of 1st overtime period - Backhand shot by Johnny Gaudreau.
5:00 of 1st overtime period - Goal by Johnny Gaudreau.
5:00 of 1st overtime period - Penalty Shot by Darren Helm for Oilers.
5:00 of 1st overtime period - Wrist shot by Darren Helm.
5:00 of 1st overtime period - Stopped by Antti Niemi.